 Dungeon Crawl Stone Soup version 0.26-a0-812-g31a745ddcd (webtiles) character file.

Game seed: 7907128496655630564

18 mitko27butlikefrench the Gusty (level 2, 0/15 HPs)
             Began as a Tengu Air Elementalist on Nov 22, 2020.
             Succumbed to an adder's poison
             ... on level 2 of the Dungeon.
             The game lasted 00:05:06 (576 turns).

mitko27butlikefrench the Gusty (TeAE)                Turns: 576, Time: 00:05:06

Health: 0/15       AC:  2    Str:  8    XL:     2   Next: 66%
Magic:  1/6        EV: 12    Int: 15    God:
Gold:   42         SH:  0    Dex: 14    Spells: 2/5 levels left

rFire    . . .     SeeInvis .   f - +1 dagger
rCold    . . .     Faith    .   (no shield)
rNeg     . . .     Spirit   .   a - +0 robe
rPois    .         Reflect  .   (helmet restricted)
rElec    .         Harm     .   (no cloak)
rCorr    .         Rampage  .   (no gloves)
MR       .....                  (boots unavailable)
Stlth    ++........             (no amulet)
HPRegen  0.05/turn              (no ring)
MPRegen  0.10/turn              (no ring)

@: lethally poisoned (0 -> -4)
A: beak, talons 3
a: no special abilities


You were on level 2 of the Dungeon.
You visited 1 branch of the dungeon, and saw 2 of its levels.

You collected 42 gold pieces.

Inventory:

Hand Weapons
 f - a +1 dagger (weapon)
Missiles
 e - 14 stones (quivered)
Armour
 a - a +0 robe (worn)
 b - a +0 leather armour
 g - a +0 ring mail
Scrolls
 h - a scroll of fog


   Skills:
 - Level 2.1 Dodging
 + Level 2.2 Stealth
 + Level 2.2 Spellcasting
 + Level 2.1 Conjurations
 + Level 4.4 Air Magic


You had 2 spell levels left.
You knew the following spells:

 Your Spells              Type           Power        Failure   Level
a - Shock                 Conj/Air       ##..         5%          1
b - Swiftness             Air            ##......     5%          2

Your spell library contained the following spells:

 Spells                   Type           Power        Failure   Level
 Static Discharge         Conj/Air       ##......     17%         3
 Airstrike                Air            ##........   34%         4
 Lightning Bolt           Conj/Air       ##........   83%         5


Dungeon Overview and Level Annotations

Branches:
Dungeon (1/15)

Altars:


Innate Abilities, Weirdness & Mutations

You have a beak for a mouth.
You have claws for feet.


Message History

You kill the adder!
Your Conjurations skill increases to level 2!
* * * LOW HITPOINT WARNING * * *
You feel sick.
You aren't carrying any potions.
As you read the scroll labelled KUC YXEIBBIO, it crumbles to dust.
The scroll dissolves into smoke.
It was a scroll of fog.
As you read the scroll labelled YCZOMU VULEINN, it crumbles to dust.
It is a scroll of enchant weapon.
Your +0 dagger glows red for a moment.
As you read the scroll labelled PIMURR SAEK, it crumbles to dust.
It is a scroll of identify.
g - a +0 ring mail
* * * LOW HITPOINT WARNING * * *
You feel sick.
Your magical contamination has completely faded away.
As you read the scroll labelled OPLYRY HANKIY, it crumbles to dust.
You feel strangely unstable.
It was a scroll of teleportation.
Your surroundings suddenly seem different.
You die...

..#
.S..#.#
....#.#
....#.#
....#.#
....#.#
....#.#
##....#.#
#@.# #.#
#..# #.#
#..# #.#
...# #.#
...# #.#
....# #.#
.!..# #.#
#....#
#.# #.#


You could see an adder (asleep).

Vanquished Creatures
  An adder (D:2)
  2 bats
  A giant cockroach (D:1)
  A hobgoblin (D:1)
  2 kobolds (D:1)
  A frilled lizard (D:2)
  A goblin (D:1)
9 creatures vanquished.

Notes
Turn   | Place    | Note
-------+----------+-------------------------------------------
     0 | D:1      | mitko27butlikefrench the Tengu Air Elementalist began the
                  | quest for the Orb.
     0 | D:1      | Reached XP level 1. HP: 10/10 MP: 4/4
   387 | D:1      | Reached XP level 2. HP: 15/15 MP: 3/6
   419 | D:1      | Learned a level 2 spell: Swiftness
   465 | D:1      | You fall into a shaft and drop 1 floor!
   576 | D:2      | Succumbed to an adder's poison

Illustrated notes

Levels and vault maps discovered:
D:1:      ncdulo_wetmaze, layout_basic, minmay_tiny_reverse_x
D:2:      kennysheep_six_static_rooms, layout_basic,
          nicolae_overflow_hidden_temple, kennysheep_generic_room_2

Skill      XL: |  1  2 |
---------------+-------+-----
Conjurations   | 2 |  2.1
Dodging        | |  2.1
Stealth        | |  2.2
Spellcasting   | |  2.2
Air Magic      | |  4.4

Action                   || total
-------------------------++-------
Melee: Dagger            ||     3
       Kick              ||     1
 Cast: Shock             ||    18
  Use: Scroll            ||     4
Dodge: Dodged            ||     5

Table legend: (Time is in decaauts)
 A = Elapsed time spent in this place.
 B = Non-inter-level travel time spent in this place.
 C = Inter-level travel time spent in this place.
 D = Time resting spent in this place.
 E = Time spent auto-exploring this place.
 F = Levels seen in this place.
 G = Mean time per level.
                   A        B        C        D        E       F      G
               +--------+--------+--------+--------+--------+-----+--------+
         Total |    584 |    584 |      0 |    308 |     89 |   2 |  292.0 |
       Dungeon |    584 |    584 |      0 |    308 |     89 |   2 |  292.0 |
               +--------+--------+--------+--------+--------+-----+--------+

Top non-repeatable levels by time:
     D:1: 474 daAuts
     D:2: 110 daAuts
